 Dungeon Crawl Stone Soup version 0.22-b1-59-g0aedee7 (webtiles) character file.

126 goulibeur the Distorting Demonspawn (level 4, -2/36 HPs)
             Began as a Demonspawn Abyssal Knight on Aug 9, 2018.
             Was a Believer of Lugonu.
             Killed from afar by an orc wizard (4 damage)
             ... with a magic dart
             ... on level 3 of the Dungeon.
             The game lasted 00:06:29 (2803 turns).

goulibeur the Distorting Demonspawn (DsAK)          Turns: 2803, Time: 00:06:29

Health: -2/36      AC: 13    Str: 12    XL:     4   Next: 84%
Magic:  7/7        EV:  6    Int: 14    God:    Lugonu [**....]
Gold:   195        SH:  0    Dex: 13    Spells: 3/3 levels left

rFire    . . .     SeeInvis .   a - +1 short sword
rCold    . . .     Gourm    .   (no shield)
rNeg     . . .     Faith    .   p - +0 chain mail
rPois    .         Spirit   .   (no helmet)
rElec    .         Reflect  .   o - +0 cloak
rCorr    .         Harm     .   l - +0 pair of gloves
MR       .....                  (no boots)
Stlth    ..........             (no amulet)
HPRegen  0.12/turn              (no ring)
MPRegen  0.10/turn              (no ring)

@: no status effects
A: iridescent scales 1
a: Depart the Abyss, Bend Space, Renounce Religion


You were on level 3 of the Dungeon.
You worshipped Lugonu.
Lugonu was pleased with you.
You were very hungry.

You visited 1 branch of the dungeon, and saw 3 of its levels.
You visited the Abyss 1 time.

You collected 195 gold pieces.

Inventory:

Hand Weapons
 a - a +1 short sword (weapon)
Armour
 b - a +0 leather armour
 d - a +0 ring mail
 l - a +0 pair of gloves (worn)
 o - a +0 cloak (worn)
 p - a +0 chain mail (worn)
Jewellery
 g - a +5 amulet of reflection {unknown}
 q - a +3 ring of protection {unknown}
Scrolls
 h - a scroll of identify {unknown}
 k - a scroll of fear
 m - a scroll of remove curse
 n - a scroll of teleportation
Potions
 e - a potion of might {unknown}
 f - a potion of curing {unknown}
 i - a potion of lignification {unknown}
 j - a potion of flight {unknown}
Comestibles
 c - 3 rations


   Skills:
 + Level 3.6 Fighting
 - Level 1.7 Short Blades
 + Level 2.5 Armour
 + Level 2.0 Dodging
 * Level 4.6 Invocations


You had 3 spell levels left.
You didn't know any spells.
Your spell library contained the following spells:

 Spells                   Type           Power        Failure   Level  Hunger
 Spider Form              Tmut/Pois      #.........   100%        3    ####...
 Blade Hands              Tmut           #.........   100%        5    ######.
 Ice Form                 Ice/Tmut       #.......     100%        4    #####..
 Sticks to Snakes         Tmut           #.......     100%        2    ###....
 Beastly Appendage        Tmut           #.....       100%        1    ##.....


Dungeon Overview and Level Annotations

Branches:
Dungeon (2/15)

Altars:


Innate Abilities, Weirdness & Mutations

You are partially covered in iridescent scales. (AC +2)


Message History

The bat hits you but does no damage.
The orc wizard hits you but does no damage. x2
The bat hits you but does no damage.
You closely miss the orc wizard.
The orc wizard is severely wounded.
The bat hits you but does no damage.
The orc wizard points at you and mumbles some strange words.
You resist with some effort. The bat hits you but does no damage.
You closely miss the orc wizard.
The orc wizard is severely wounded.
The bat hits you but does no damage.
The orc wizard hits you but does no damage.
The orc wizard hits you with a dagger.
* * * LOW HITPOINT WARNING * * *
You hit the orc wizard.
The orc wizard is almost dead.
The bat hits you but does no damage. The orc wizard casts a spell at you.
The magic dart hits you!
You die...

#.# #.# ..
######.########### #.
#.##......o.og.......
#.
#.##.####.###o######
#.##.##.# #.# #o#
#.....w.# #o# #o#
......g.####o# #b#
$.....wooo.o.# #@#
...%..og###### #o#
........# #.#
...$..### #.. ..##.##
#.# .....# #.. ......
#.# g...### #.# ..##


You could see an orc priest, an orc wizard, 3 orcs, a hobgoblin and a bat.

Vanquished Creatures
  5 gnolls
  An adder (D:2)
  A worm (D:2)
  2 dart slugs (D:1)
  3 leopard geckos (D:1)
  12 giant cockroaches
  6 goblins
  6 hobgoblins
  3 jackals (D:1)
  4 kobolds
  A ball python (D:2)
  6 bats
  A frilled lizard (D:1)
  6 rats
57 creatures vanquished.

Notes
Turn   | Place    | Note
-------+----------+-------------------------------------------
     0 | Abyss:1  | goulibeur the Demonspawn Abyssal Knight began the quest for the Orb.
     0 | Abyss:1  | Reached XP level 1. HP: 18/18 MP: 2/2
    55 | Abyss:1  | Noticed a phantasmal warrior
    56 | D:1      | Escaped the Abyss
   148 | D:1      | Reached skill level 1 in Dodging
   227 | D:1      | Gained mutation: You are partially covered in iridescent scales. (AC +2) [demonic ancestry]
   227 | D:1      | Reached XP level 2. HP: 18/24 MP: 4/4
   325 | D:1      | Reached skill level 3 in Invocations
   514 | D:1      | Reached * piety under Lugonu
   680 | D:1      | Reached XP level 3. HP: 29/29 MP: 5/5
  1467 | D:2      | Reached skill level 4 in Invocations
  1467 | D:2      | Reached XP level 4. HP: 29/35 MP: 5/7
  2035 | D:2      | Reached ** piety under Lugonu
  2764 | D:2      | You fall through a shaft!
  2803 | D:3      | Killed from afar by an orc wizard

Skill      XL: |  1  2  3  4 |
---------------+-------------+-----
Dodging        | 1 2 |  2.0
Armour         | 2 |  2.5
Invocations    | 3 4 |  4.6
Fighting       | |  3.6
Short Blades   | |  1.7

Action                   |  1- 3 |  4- 6 || total
-------------------------+-------+-------++-------
Melee: Short sword       |   109 |   120 ||   229
Invok: Depart the Abyss  |     1 |       ||     1
  Use: Scroll            |     3 |       ||     3
  Eat: Chunk             |     2 |     3 ||     5
Armor: Ring mail         |    47 |    28 ||    75
       Chain mail        |       |    44 ||    44
Dodge: Dodged            |    54 |    73 ||   127
